[Event "*** Titled Tuesday 3|2 Blitz"]
[Site "Chess.com"]
[Date "2016.03.01"]
[Round "1"]
[White "VSERGUEI"]
[Black "AdrianaNikolova"]
[Result "1-0"]
[WhiteElo "2460"]
[BlackElo "2145"]
[TimeControl "180+2"]
[EndTime "11:39:32 PST"]
[Termination "VSERGUEI won by resignation"]

1. d4 d5 2. c4 c6 3. Nf3 Nf6 4.
e3 Bg4 5. h3 Bxf3 6. Qxf3 e6 7.
Nc3 Bb4 8. Bd2 Nbd7 9. Rc1 O-O 10. a3 Ba5 11. b4 Bc7 12. cxd5 exd5 13. Bd3 Re8 14. O-O Nf8 15. b5 Qd6 16. g3 Ng6 17. bxc6 bxc6 18. Na4 Ne4 19. Bxe4 dxe4 20. Qh5 Ne5 21. dxe5 Qxd2 22. Rfd1 Qa5 23. Rd7 Bxe5 24. Qxf7+ Kh8 25. Nc5 Qxa3 26. Qc4 Qb2 27. Nxe4 Rf8 28.
Rd2 Qa3 29. Qxc6 a5 30. Qc5 Bb2 31. Rcc2 Qxc5 32. Nxc5 Ba3 33. Ne6 Rf6 34. Nc7 Rb8 35. Rd5 Bb4 36. Kg2 a4 37. Rd4 Bf8 38. Rxa4 Rc8 39. Rac4 h6 40. Nd5 Rxc4 41. Rxc4 Rf7 42. Nf4 Kh7 43. h4 Ra7 44. h5 Bd6 45. Ng6 Ra2 46.
Rc8 Bb4 1-0

[Event "*** Titled Tuesday 3|2 Blitz"]
[Site "Chess.com"]
[Date "2016.03.01"]
[Round "1"]
[White "kikydu96"]
[Black "BahadirOzen"]
[Result "0-1"]
[WhiteElo "2296"]
[BlackElo "2559"]
[TimeControl "180+2"]
[EndTime "11:39:39 PST"]
[Termination "BahadirOzen won by resignation"]

1. e4 d6 2. d4 Nf6 3. Nc3 e5 4.
Nf3 Nbd7 5. Bc4 Be7 6. O-O O-O 7. a4 a5 8. h3 c6 9. Be3 exd4 10. Nxd4 Nc5 11.
Qf3 Be6 12. Nxe6 Nxe6 13. Rad1 Nd7 14. Bxe6 fxe6 15. Qg4 Rf6 16. f4 d5 17. exd5 exd5 18.
Nxd5 cxd5 19. Rxd5 Bd6 20. f5 Qc7 21. Rfd1 Ne5 22. Qd4 Nf7 23. g4 Bh2+ 24. Kh1 Qg3 25. Qc4 h6 26. Qe2 Qxh3 27. Qxh2 Qxe3 28. Qg2 Re8 29. Rd7 b6 30. R7d3 Qe4 31. R1d2 Qxa4 32.
Qd5 Qe4+ 33. Qxe4 Rxe4 34. Rg3 Ne5 35. Rd8+ Kf7 36. g5 Rxf5 37. g6+ Nxg6 38. Rd7+ Ne7 39.
Rb7 Re6 40. c4 Rh5+ 41. Kg1 Rg5 42. Rxg5 hxg5 0-1

[Event "*** Titled Tuesday 3|2 Blitz"]
[Site "Chess.com"]
[Date "2016.03.01"]
[Round "1"]
[White "VerdeNotte"]
[Black "D-Prawira"]
[Result "1-0"]
[WhiteElo "2503"]
[BlackElo "2209"]
[TimeControl "180+2"]
[EndTime "11:39:41 PST"]
[Termination "VerdeNotte won on time"]

1. g3 Nf6 2. Bg2 g6 3. e4 d6 4. d4 Bg7 5. Ne2 e5 6. dxe5 dxe5 7.
Qxd8+ Kxd8 8. Nbc3 c6 9. h3 Be6 10. Be3 Nbd7 11. a4 Ke7 12. b3 Rhd8 13. Bc1 Kf8 14. Ba3+ Kg8 15. Be7 Re8 16. Bd6 Bf8 17. O-O-O Rad8 18. Bc7 Rc8 19. Bd6 Rcd8 20. Kb2 Bxd6 21.
Rxd6 Nc5 22. Rhd1 Rxd6 23. Rxd6 Kg7 24. f4 Bc8 25. b4 Na6 26. Ka3 Nc7 27. b5 cxb5 28.
axb5 exf4 29. gxf4 Ne6 30. e5 Nh5 31. Nd5 b6 32. Bf3 Bb7 33. Bxh5 Bxd5 34. Rxd5 gxh5 35. f5 Nc5 36. Nf4 h4 37. Nh5+ Kh6 38. Nf6 Rc8 39.
Rd2 Kg5 40. Rf2 h6 41. Nh7+ Kh5 42. Rg2 Ne4 43. Rg4 Rc4 44. Nf6+ Nxf6 45. Rxc4 Nd5 46. e6 fxe6 47. fxe6 Kg5 48. Rd4 Nc3 49. e7 Nxb5+ 50. Kb2 Nxd4 51. e8=Q Nf5 52. Qe5 Kg6 53. Qe6+ Kg5 54. c4 h5 55. Qe5 Kg6 56. Kc3 Kg5 57. Kb4 Kg6 58. Kb5 Kg5 59. Ka6 Kg6 60. Kxa7 1-0

[Event "*** Titled Tuesday 3|2 Blitz"]
[Site "Chess.com"]
[Date "2016.03.01"]
[Round "1"]
[White "HovmoellerHest"]
[Black "punkmonkZ"]
[Result "1-0"]
[WhiteElo "2361"]
[BlackElo "1935"]
[TimeControl "180+2"]
[EndTime "11:39:42 PST"]
[Termination "HovmoellerHest won on time"]

1. d4 Nf6 2. c4 g6 3. Nc3 Bg7 4. e4 d6 5. f3 c6 6. Be3 a6 7. Nge2 b5 8. Nc1 Nbd7 9. Be2 bxc4 10. Bxc4 d5 11. Bb3 dxe4 12. fxe4 e5 13. O-O O-O 14. dxe5 Nxe5 15. Qxd8 Rxd8 16. Bg5 Rd6 17. N1e2 h6 18.
Bf4 Nh5 19. Bxe5 Bxe5 20. Rxf7 Be6 21. Bxe6 Rxe6 22. Raf1 Rd8 23. Ra7 Nf6 24. Rxa6 Rd2 25. Ra8+ Kg7 26. Ra7+ Kg8 27. Ra8+ Kg7 28. Nf4 Bxf4 29.
Rxf4 g5 30. Rf2 Rd4 31. Re2 Ng4 32. h3 Ne5 33. Ra4 Red6 34. Rxd4 Rxd4 35. Kf2 Kf6 36. a4 Nd3+ 37. Ke3 Ke5 38. Rd2 Nf4 39. Rxd4 Nxg2+ 40. Kd3 Nf4+ 41. Kc4 Nxh3 42. a5 1-0

[Event "*** Titled Tuesday 3|2 Blitz"]
[Site "Chess.com"]
[Date "2016.03.01"]
[Round "1"]
[White "Aygehovit1992"]
[Black "JustKid"]
[Result "0-1"]
[WhiteElo "2406"]
[BlackElo "2127"]
[TimeControl "180+2"]
[EndTime "11:39:47 PST"]
[Termination "JustKid won by resignation"]

1. e4 d6 2. d4 Nf6 3. Nc3 g6 4. Be2 Bg7 5. Bg5 h6 6. Be3 O-O 7. Qd2 Kh7 8. O-O-O c6 9. h4 b5 10. f3 Nbd7 11. g4 h5 12. Nh3 Nb6 13. Rhg1 Nc4 14. Bxc4 bxc4 15. gxh5 Bxh3 16. hxg6+ fxg6 17. Rg3 Be6 18. Rdg1 Bf7 19. h5 Nxh5 20. Rh3 Qa5 21. Qg2 Rg8 22.
f4 Bh6 23. Qh2 Rab8 24. Bd2 Qb6 25. Nd1 Qxd4 26. c3 Qf6 27. Nf2 Be6 28. Rh4 Rb5 29. f5 Bxd2+ 30. Kxd2 Rxb2+ 31. Kd1 Rb1+ 32. Kc2 Rxg1 33.
fxg6+ R1xg6 34. Rxh5+ Rh6 35. Nd1 Rxh5 36. Qxh5+ Qh6 37. Qf3 Rf8 38. Qg2 Qg6 39. Qh2+ Kg7 40.
Ne3 Qxe4+ 41. Kd2 Rf6 42. Qg3+ Rg6 43. Qf2 Qd3+ 44. Kc1 Qxc3+ 45. Nc2 Rf6 46. Qg2+ Kf7 47. a4 Bf5 0-1

[Event "*** Titled Tuesday 3|2 Blitz"]
[Site "Chess.com"]
[Date "2016.03.01"]
[Round "1"]
[White "Krutoy123"]
[Black "Alexander_Donchenko"]
[Result "0-1"]
[WhiteElo "2334"]
[BlackElo "2608"]
[TimeControl "180+2"]
[EndTime "11:39:56 PST"]
[Termination "Alexander_Donchenko won on time"]

1. Nc3 c5 2. d4 cxd4 3. Qxd4 Nc6 4. Qh4 g6 5. Nf3 Bg7 6. e4 d6 7. Bd2 Nf6 8. O-O-O O-O 9. Bh6 Qa5 10. Bxg7 Kxg7 11.
Bc4 Bg4 12. Bb3 Rac8 13. Kb1 Qh5 14. Qxh5 Bxh5 15. Rd2 Bxf3 16. gxf3 Nh5 17. Ne2 Ne5 18. f4 Ng4 19. f3 Ne3 20. Rg1 Rc5 21. Rd3 Nc4 22.
Bxc4 Rxc4 23. Rd5 Nf6 24. Rd2 Rfc8 25. Nd4 Nh5 26. Nf5+ Kf8 27. Ne3 R4c5 28. f5 Nf6 29. c3 Kg7 30. Kc2 Nd7 31. Nd5 Kf8 32. Ne3 Ne5 33. Rg3 Kg7 34. Nd5 Kf8 35. Ne3 Nc4 36. Nxc4 Rxc4 37. f6 R8c5 38. fxe7+ Kxe7 0-1

[Event "*** Titled Tuesday 3|2 Blitz"]
[Site "Chess.com"]
[Date "2016.03.01"]
[Round "1"]
[White "Bentery"]
[Black "Mornar1951"]
[Result "0-1"]
[WhiteElo "2307"]
[BlackElo "2590"]
[TimeControl "180+2"]
[EndTime "11:39:58 PST"]
[Termination "Mornar1951 won by checkmate"]

1. Nf3 d5 2. g3 g6 3. c4 Nf6 4. cxd5 Nxd5 5. Bg2 Bg7 6. Nc3 O-O 7. O-O Nc6 8. Nxd5 Qxd5 9. d3 a5 10. a3 a4 11. Qc2 Qb5 12. Rb1 Be6 13. Bf4 Ba2 14.
Ra1 Bb3 15. Qc1 e5 16. Bd2 Rfe8 17. Re1 Rad8 18. Bc3 Bd5 19. Qc2 Re7 20. Nd2 Nd4 21. Bxd4 exd4 22. Bxd5 Rxd5 23. b4 axb3 24. Nxb3 Qa4 25.
Qb2 h5 26. Nd2 Rb5 27. Qa2 h4 28. Nc4 hxg3 29. hxg3 Rh5 30. Nd2 g5 31. Qc4 Qd7 32.
Nf1 c6 33. Qc5 Qh3 34. f3 Bf6 35. Qd6 Kg7 36. g4 Rh7 37. Qh2 Be5 38. Qxh3 Rxh3 39. Kg2 Rh4 40. Ng3 Bxg3 41. Kxg3 Kg6 42. Kg2 f5 43.
gxf5+ Kxf5 44. Rac1 Kf4 45. Rc2 Ke3 46. Rf1 Reh7 47.
f4 Rg4# 0-1

[Event "*** Titled Tuesday 3|2 Blitz"]
[Site "Chess.com"]
[Date "2016.03.01"]
[Round "1"]
[White "PowerThinking2650"]
[Black "Blitzstream"]
[Result "0-1"]
[WhiteElo "2135"]
[BlackElo "2453"]
[TimeControl "180+2"]
[EndTime "11:40:03 PST"]
[Termination "Blitzstream won by resignation"]

1. e4 d5 2. exd5 Qxd5 3. Nf3 Bg4 4. Be2 Nc6 5. d4 O-O-O 6. Be3 e6 7. O-O Nh6 8. c4 Qh5 9. h3 Bxh3 10. Ne5 Qxe5 11.
dxe5 Rxd1 12. Rxd1 Bf5 13. Nc3 a6 14. a3 Nxe5 15.
Bf4 Ng6 16. Bg5 Bd6 17. Na4 Ng4 18. Nb6+ Kb8 19. Nd7+ Ka8 20. f3 N4e5 21. c5 Nxd7 22. cxd6 c6 23. b4 Bc2 24. Rd2 Ba4 25. Rc1 h6 26. Be3 Rd8 27. Kf2 Nge5 28. g3 f5 29. f4 Nf7 30. Rc3 Nf6 31. Bf3 Nxd6 32. Kg2 Nd5 33. Bxd5 exd5 34. Bd4 Ne4 35. Rdd3 Nxc3 36.
Rxc3 g5 37. Re3 Bc2 38. Re7 Be4+ 39. Kf2 gxf4 40. gxf4 Rg8 41. Rg7 Rxg7 42. Bxg7 h5 43. Bf6 b6 44. Ke3 Kb7 45. Kd4 Kc7 46. Ke5 c5 47. bxc5 bxc5 48. Be7 Kc6 49. a4 d4 50. Bh4 d3 51. Be1 h4 0-1

[Event "*** Titled Tuesday 3|2 Blitz"]
[Site "Chess.com"]
[Date "2016.03.01"]
[Round "1"]
[White "davidarenas1224"]
[Black "Spas_Kozhuharov"]
[Result "0-1"]
[WhiteElo "2098"]
[BlackElo "2435"]
[TimeControl "180+2"]
[EndTime "11:40:23 PST"]
[Termination "Spas_Kozhuharov won by resignation"]

1. e4 c6 2. c4 e5 3. Nf3 Qa5 4. Nc3 Nf6 5. Be2 Bb4 6. Qc2 O-O 7. O-O Re8 8. Re1 h6 9. h3 d5 10. cxd5 cxd5 11. Nxd5 Nxd5 12. exd5 Qxd5 13. Bc4 Qd6 14. a3 Bc5 15. b4 Bb6 16. Bb2 Nc6 17. d4 Nxd4 18.
Nxd4 Bxd4 19. Bxd4 Qxd4 20. Rad1 Qf4 21. Re3 Bf5 22. Qb3 Be6 23. Bxe6 Rxe6 24. Rd7 Rc8 25. g3 Qf5 26. Kg2 Rf6 27. Rd2 Rc1 28.
Qb2 Rc7 29. Qxe5 Qxe5 30. Rxe5 g5 31. Re3 Kg7 32. Red3 b5 33. Rd5 a6 34. Rd6 Rc6 35. Rxf6 Kxf6 36. Rd3 Ke5 37. Kf3 f5 38. Ke3 Rc2 39.
f4+ Ke6 40. Kd4 Rh2 41. fxg5 hxg5 42. g4 f4 43. Kc5 Ke5 44. Rd5+ Ke4 45. Rxg5 Rxh3 46.
Rf5 Rxa3 47. Rf8 f3 48. g5 Ra1 49. Kb6 Rg1 50. Re8+ Kd3 51. Rg8 f2 52. Rd8+ Kc4 0-1

[Event "*** Titled Tuesday 3|2 Blitz"]
[Site "Chess.com"]
[Date "2016.03.01"]
[Round "1"]
[White "Lupul_Cenusiu"]
[Black "Drags95"]
[Result "1/2-1/2"]
[WhiteElo "2470"]
[BlackElo "2218"]
[TimeControl "180+2"]
[EndTime "11:40:37 PST"]
[Termination "Game drawn - insufficient material"]

1. d4 Nf6 2. Bg5 Ne4 3. Bf4 c5 4. d5 Qa5+ 5. c3 e6 6. f3 Nf6 7. e4 exd5 8. exd5 d6 9. Na3 Be7 10. Ne2 O-O 11. Ng3 Re8 12. Be2 Nbd7 13. Nf5 Nb6 14.
Nxd6 Bxd6 15. Bxd6 Nfxd5 16. Qd2 Ne3 17. Kf2 Bf5 18. Bb5 Re6 19. Rhe1 Nbd5 20. Bxc5 Rd8 21.
Bd4 Qc7 22. Kg1 Bh3 23. g3 h5 24. Bd3 h4 25. Qf2 hxg3 26. hxg3 Nf5 27. Rxe6 fxe6 28. Bxf5 Bxf5 29. Re1 Kf7 30. Be5 Qc6 31. c4 Ne7 32. Nb5 Ng6 33. Nd4 Qxc4 34. Nxf5 exf5 35. Bc3 b6 36.
Qe2 Qxe2 37. Rxe2 Nf8 38. Kf2 Ne6 39. Rd2 Rxd2+ 40. Bxd2 Ke7 41. Ke3 Kd6 42. Bb4+ Kd5 43. Bc3 g5 44. b3 b5 45. g4 f4+ 46. Kd3 Nc5+ 47. Kd2 Ne6 48. Bf6 a6 49. Kc3 Kc5 50.
a3 Kd5 51. Kb4 Nd4 52. Bxg5 Ke5 53. Ka5 Nxf3 54. Bxf4+ Kxf4 55. Kxa6 Nd4 56. a4 bxa4 57. bxa4 Kxg4 58. Kb6 Nb3 59. Kb5 Kf5 60. Kb4 Nd4 61.
Kc5 Nb3+ 62. Kc4 Na5+ 63. Kb5 Nb3 64. Kb4 Nd4 65. Kc4 Nc6 66. Kb5 Nd4+ 67. Kb6 Nb3 68. a5 Nxa5 1/2-1/2

[Event "*** Titled Tuesday 3|2 Blitz"]
[Site "Chess.com"]
[Date "2016.03.01"]
[Round "1"]
[White "spectralsoul"]
[Black "ftorodent"]
[Result "1-0"]
[WhiteElo "2571"]
[BlackElo "2299"]
[TimeControl "180+2"]
[EndTime "11:40:56 PST"]
[Termination "spectralsoul won on time"]

1. g3 d5 2. Bg2 c6 3. c4 Nf6 4.
cxd5 cxd5 5. Nf3 Nc6 6. O-O Bg4 7. Qa4 Bxf3 8. Bxf3 e6 9. d3 Be7 10. a3 O-O 11.
Nc3 Nd7 12. Qd1 Bf6 13. Bd2 Rc8 14. Rc1 a6 15. b4 Nd4 16. Bg2 Qe7 17. e3 Nc6 18.
Qb3 Rfd8 19. Na4 Na7 20. d4 Nb5 21. Nc5 Nb6 22. Rc2 Nd6 23. Rfc1 Nbc4 24. Be1 Rc6 25.
a4 Rdc8 26. h3 h6 27. Kh2 h5 28. h4 b5 29. Ra2 Nf5 30. Rca1 g5 31. hxg5 Bxg5 32.
axb5 axb5 33. Ra7 R6c7 34. Ra8 Nh6 35. Bf3 Ng4+ 36. Kg2 Qf6 37. e4 Qxd4 38. Rxc8+ Rxc8 39. Rd1 Nce3+ 40. fxe3 Nxe3+ 41. Kh1 Nxd1 42. Bxd1 dxe4 43.
Bxh5 Qd5 44. Qc2 e3+ 45. Kh2 Ra8 46. Nb3 Qc4 47. Qb1 Rc8 48. Kh3 Qf1+ 49. Kh2 Qc4 50. Nc5 Ra8 51. Nb3 Ra3 52. Nc1 e2 53. Bxf7+ Kg7 54.
Qg6+ Kf8 55. Bxe6 1-0

[Event "*** Titled Tuesday 3|2 Blitz"]
[Site "Chess.com"]
[Date "2016.03.01"]
[Round "1"]
[White "Tirantes"]
[Black "Smirnov_Pavel"]
[Result "0-1"]
[WhiteElo "2224"]
[BlackElo "2518"]
[TimeControl "180+2"]
[EndTime "11:40:56 PST"]
[Termination "Smirnov_Pavel won on time"]

1. c4 e6 2. Nf3 d5 3. d4 Nf6 4.
Nc3 c6 5. e3 Nbd7 6. b3 Bb4 7.
Bd2 O-O 8. Be2 Qe7 9. O-O b6 10. Qc1 Bb7 11. a3 Bd6 12. Qc2 dxc4 13. bxc4 c5 14.
a4 a5 15. Rad1 Rac8 16. Qb3 cxd4 17. exd4 Bb4 18. Rc1 Rfd8 19. Rfd1 e5 20. d5 e4 21. Ne1 Qe5 22. g3 Ba6 23. Bf4 Qe8 24. Nb5 Nc5 25. Qa2 Bxb5 26. axb5 a4 27. Qb2 Ba5 28. Be5 Ncd7 29. Bd4 Qe7 30. Ng2 Ne8 31. Ne3 g6 32. Ra1 Nc5 33. Ng4 f5 34. Nf6+ Nxf6 35. Bxf6 Qd6 36. Be5 Qe7 37. Bf6 Qd7 38. d6 Re8 39. Rd5 Re6 40. Be5 Rce8 41. Rad1 h5 42. h4 Kh7 43. Bc3 Bxc3 44. Qxc3 e3 45. Bf3 exf2+ 46. Kxf2 Re2+ 47. Kf1 R2e3 48. R5d3 Nxd3 49. Rxd3 Rxf3+ 50.
Rxf3 Qxd6 51. Rd3 Qe6 52. Kg2 Qe2+ 53. Kg1 Qe6 0-1

[Event "*** Titled Tuesday 3|2 Blitz"]
[Site "Chess.com"]
[Date "2016.03.01"]
[Round "1"]
[White "Silent_Terror"]
[Black "jup1978"]
[Result "1/2-1/2"]
[WhiteElo "2521"]
[BlackElo "2270"]
[TimeControl "180+2"]
[EndTime "11:41:00 PST"]
[Termination "Game drawn - insufficient material"]

1. e4 e5 2. Be2 g6 3. Nf3 Bg7 4. d3 d6 5. c3 Nc6 6. O-O Nge7 7.
Re1 h6 8. Nbd2 O-O 9. Nf1 f5 10.
b4 a6 11. a4 Be6 12. Bb2 Kh7 13. b5 axb5 14. axb5 Rxa1 15. Qxa1 Nb8 16. Qa7 b6 17. N3d2 Nd7 18. f3 Nc8 19. Qa3 fxe4 20. dxe4 Nc5 21. Bc4 Qd7 22. Qb4 Bxc4 23. Qxc4 Na7 24. Ra1 Nxb5 25.
Ne3 c6 26. Qe2 Qb7 27. Ndc4 Ra8 28. Rxa8 Qxa8 29. Nxb6 Qa2 30. Nd1 Na4 31. Nxa4 Qxa4 32. Qd3 Qb3 33. Bc1 d5 34. exd5 cxd5 35. Qd2 d4 36.
cxd4 Nxd4 37. Bb2 Nf5 38. Nf2 Qb6 39. Qe2 Qc5 40. g3 Nd4 41. Bxd4 exd4 42. Nd3 Qd5 43. Kg2 h5 44. Qe4 Qxe4 45. fxe4 g5 46. Kf3 Kg6 47. g4 hxg4+ 48. Kxg4 Bf6 49. h3 Be7 50. Ne5+ Kf6 51. Nf3 d3 52. Kg3 Bd6+ 53. Kf2 Bf4 54. Ke1 Ke6 55.
Kd1 Kd6 56. Ne1 Ke5 57. Nxd3+ Kxe4 58. Nc5+ Kf3 59. Ne6 Kg3 60. Ke2 Kxh3 61. Kf3 Kh4 62. Nxf4 gxf4 63. Kxf4 1/2-1/2

[Event "*** Titled Tuesday 3|2 Blitz"]
[Site "Chess.com"]
[Date "2016.03.01"]
[Round "1"]
[White "FairChess_on_YouTube"]
[Black "biostatistician"]
[Result "1-0"]
[WhiteElo "2711"]
[BlackElo "2347"]
[TimeControl "180+2"]
[EndTime "11:41:06 PST"]
[Termination "FairChess_on_YouTube won by resignation"]

1. d4 Nf6 2. c4 g6 3. Nc3 Bg7 4.
e4 O-O 5. Be2 d6 6. Bg5 c5 7. d5 e6 8. Nf3 exd5 9. exd5 h6 10. Bh4 Re8 11. O-O Bf5 12. Bd3 Bxd3 13. Qxd3 a6 14.
Rae1 Nbd7 15. Bg3 Qc7 16. h3 Rxe1 17. Rxe1 Re8 18. Rxe8+ Nxe8 19. b3 Qd8 20. Ne4 Qe7 21.
Qe3 Kf8 22. Ned2 Qxe3 23. fxe3 Ke7 24. e4 Ne5 25. Kf1 Nd3 26. a4 Bc3 27. Ke2 Nc1+ 28. Kd1 Na2 29. Kc2 Bg7 30. Kd3 Nb4+ 31. Ke2 Bc3 32.
e5 Bxd2 33. Nxd2 b6 34. a5 bxa5 35. Ne4 dxe5 36. Bxe5 f6 37. Bb8 Nc2 38. Nxc5 Nd6 39. Kd2 Nd4 40. Kd3 N4f5 41. Nxa6 Nh4 42. c5 Nb5 43. g4 Nf3 44. c6 Ne5+ 45. Ke3 Nf7 46. Nc5 Nfd6 47. Nb7 Nc8 48. Nxa5 Nb6 49. Ke4 Nc3+ 50.
Kd4 Ncxd5 51. Kc5 Ke6 52. Nb7 Nc8 53. b4 Nde7 54. b5 f5 55. Nd8+ Kf6 56. gxf5 Nxf5 57.
b6 Nfe7 58. b7 g5 59. Bd6 Na7 60. Bxe7+ Kxe7 61. b8=Q 1-0

[Event "*** Titled Tuesday 3|2 Blitz"]
[Site "Chess.com"]
[Date "2016.03.01"]
[Round "1"]
[White "Abdodi"]
[Black "KNVB"]
[Result "0-1"]
[WhiteElo "1871"]
[BlackElo "2359"]
[TimeControl "180+2"]
[EndTime "11:41:11 PST"]
[Termination "KNVB won by checkmate"]

1. e4 b6 2. Nf3 Bb7 3. d3 e6 4. g3 d5 5. Nbd2 Nf6 6. e5 Nfd7 7. d4 c5 8. c3 Be7 9. Be2 Ba6 10. O-O Bxe2 11. Qxe2 Nc6 12. Re1 Qc7 13. Nf1 Rc8 14. Be3 h6 15. h4 Qb7 16. N1h2 c4 17. Ng4 b5 18. Qd2 b4 19. Reb1 a5 20. a3 bxa3 21. bxa3 Qc7 22. Qc2 Rb8 23. a4 O-O 24. Bxh6 gxh6 25.
Nxh6+ Kg7 26. Ng5 Bxg5 27. hxg5 Rxb1+ 28. Rxb1 Rb8 29. Re1 Ne7 30. Kg2 Ng6 31. f4 Qb6 32. Re2 Qb1 33. Qd2 Qd3 34. Ng4 Qxd2 35. Rxd2 Rb3 36.
Nf6 Nb6 37. Ne8+ Kf8 38. Nd6 Nxa4 39. Ra2 Rb2+ 40. Rxb2 Nxb2 41. Nb5 Na4 42. Kf3 Nb6 43. g4 Ne7 44. Ke3 a4 45. Kd2 Ke8 46. Kc2 Ng6 47. f5 Nh4 48. fxe6 fxe6 49. Nc7+ Kd7 50. Nb5 Nc8 51. Kb2 Ne7 52. Ka3 Nf3 53. Kxa4 Nxg5 54. Ka3 Ng6 55. Kb4 Ne4 56. Ka3 Nf2 57. g5 Ne4 58. Kb4 Nxg5 59. Ka3 Ne4 60. Kb4 Nf4 61.
Ka3 Ne2 62. Kb2 N2xc3 63. Nxc3 Nxc3 64. Kxc3 Ke7 65. Kd2 Kf7 66. Ke3 Kg6 67. Kf4 Kh5 68. Ke3 Kg4 69. Kd2 Kf3 70. Kc3 Ke4 71. Kc2 Kxd4 72. Kd2 Kxe5 73. Kc3 Kd6 74. Kd4 e5+ 75. Kc3 Kc5 76. Kd2 d4 77. Kc2 e4 78. Kd2 e3+ 79. Ke2 Kd5 80. Ke1 Ke4 81. Kd1 d3 82. Ke1 c3 83. Kd1 Kf3 84. Ke1 c2 85. Kf1 c1=Q# 0-1

[Event "*** Titled Tuesday 3|2 Blitz"]
[Site "Chess.com"]
[Date "2016.03.01"]
[Round "1"]
[White "Winehouse83"]
[Black "GeorgMeier"]
[Result "1-0"]
[WhiteElo "2371"]
[BlackElo "2746"]
[TimeControl "180+2"]
[EndTime "11:41:43 PST"]
[Termination "Winehouse83 won by resignation"]

1. d4 e6 2. c4 Nf6 3. Nf3 d5 4. cxd5 exd5 5. Nc3 c6 6. Qc2 g6 7. e3 Bf5 8. Bd3 Bxd3 9. Qxd3 Bd6 10. O-O O-O 11. Ne5 Qe7 12. f4 Bb4 13. Ne2 Ne4 14. Ng3 f6 15. Ng4 Nxg3 16. hxg3 Nd7 17. Bd2 Kg7 18.
Rae1 Rae8 19. Bxb4 Qxb4 20. a3 Qe7 21. Rf2 Nb6 22.
Rfe2 Qe4 23. Qxe4 dxe4 24. Rc1 h5 25. Nf2 g5 26. fxg5 fxg5 27. Nh3 Kg6 28. Rf1 Nd5 29. Rxf8 Rxf8 30. Nf2 Re8 31. Kf1 a5 32. Ke1 Kf5 33.
Kd2 a4 34. Re1 Re6 35. Rf1 Kg6 36. Nd1 Nf6 37. Nc3 b5 38. Ne2 Rd6 39. Rc1 Kf5 40. Rc5+ Nd5 41. Nc3 Kg4 42. Nxe4 Re6 43. Kd3 h4 44. gxh4 gxh4 45. Rc1 Nf6 46. Nxf6+ Rxf6 47. Rc5 Rf2 48. Rxc6 Rxb2 49. d5 Rb3+ 50. Ke4 Rxa3 51. Rg6+ Kh5 52. Rb6 Ra1 53. Rxb5 Kg6 54. d6 Kf7 55.
Ke5 Re1 56. e4 a3 57. Ra5 Re3 58.
Ra7+ Ke8 59. Kf5 Rg3 60. e5 Rxg2 61. Rxa3 Kd7 62. Ra7+ Kc6 63. Rc7+ Kb6 64. Rh7 Kc6 65. Rxh4 Rf2+ 66. Ke6 Rf8 67. Rc4+ 1-0

[Event "*** Titled Tuesday 3|2 Blitz"]
[Site "Chess.com"]
[Date "2016.03.01"]
[Round "1"]
[White "pKiLz5Rn9b"]
[Black "Tesla17"]
[Result "1-0"]
[WhiteElo "2521"]
[BlackElo "2231"]
[TimeControl "180+2"]
[EndTime "11:44:28 PST"]
[Termination "pKiLz5Rn9b won by resignation"]

1. e4 c5 2. c3 d5 3. exd5 Qxd5 4. d4 Nc6 5. Nf3 Bf5 6. Be2 cxd4 7. cxd4 Bxb1 8. Rxb1 e6 9. a3 Nf6 10. O-O Bd6 11.
Be3 O-O 12. Rc1 Rfd8 13. h3 Rac8 14. Qd3 Ne7 15. Rfd1 h6 16. Nd2 Bb8 17. Bf3 Qd6 18. g3 Ned5 19. Nc4 Qe7 20. Kg2 a6 21. Qe2 Qe8 22. Ne5 Rxc1 23. Rxc1 Rc8 24. Rc4 Qd8 25.
Qc2 Rxc4 26. Nxc4 Qc7 27. Qe2 Ba7 28. Ne5 b5 29. Qd3 Bb6 30. Bd2 Qa7 31. Bc3 Qc7 32.
h4 Qd6 33. Bd2 Ne7 34. Be3 Nfd5 35. Be4 Nf6 36. Bf3 Ned5 37. Bd2 Ba7 38. Bc3 Qc7 39. Bd2 Qb6 40. Bc3 Bb8 41. Qd2 Qd6 42. Nd3 Ba7 43. Qc1 Qc7 44. Qd2 Qd6 45. Qc1 Qe7 46. Qe1 Qd8 47. Nc5 Qd6 48. Bb4 a5 49. Ne4 Qd7 50.
Bc5 Bb8 51. Qxa5 Nxe4 52. Bxe4 Nf6 53. Qa8 Nxe4 54. Qxe4 Qc7 55. b4 Qd7 56. Kf3 f5 57. Qa8 Qc7 58. Qa6 Qd7 59. Qa8 Qc7 60. a4 bxa4 61.
Qxa4 Kf7 62. b5 Qb7+ 63. Ke2 Qe4+ 64. Kd2 f4 65. b6 fxg3 66. Qd7+ Kg6 67. fxg3 Bxg3 68.
Qe8+ Kh7 69. h5 Bf4+ 70. Kc3 Qe3+ 71. Kb4 Qe2 72. Qg6+ Kg8 73. Qe8+ Kh7 74. Qb5 Bd2+ 75. Ka4 Qd1+ 76. Qb3 Qa1+ 77. Kb5 Qa8 78. Qxe6 Qa5+ 79. Kc6 Qa4+ 80. Kb7 Kh8 81. Qc6 Qb3 82. Kc8 Qg8+ 83. Kb7 Qf7+ 84. Ka6 Qa2+ 85. Kb7 Qf7+ 86. Qc7 Qd5+ 87.
Ka7 Qa2+ 88. Kb8 Kh7 89. b7 Qd5 90. Kc8 Qe6+ 91. Qd7 Qg8+ 92. Kc7 Bf4+ 93. Bd6 Qc4+ 94. Qc6 Qf7+ 95. Qd7 Qc4+ 96. Kb8 Qxd4 97. Qf5+ Kh8 98. Qxf4 1-0

[Event "*** Titled Tuesday 3|2 Blitz"]
[Site "Chess.com"]
[Date "2016.03.01"]
[Round "2"]
[White "ftorodent"]
[Black "Quiet_Desperation"]
[Result "1-0"]
[WhiteElo "2323"]
[BlackElo "2248"]
[TimeControl "180+2"]
[EndTime "11:47:21 PST"]
[Termination "ftorodent won by resignation"]

1. d4 Nf6 2. c4 e6 3. Nf3 Bb4+ 4. Bd2 Qe7 5. g3 Nc6 6. Nc3 Bxc3 7. Bxc3 O-O 8. Bg2 Ne4 9. Rc1 Nxc3 10. Rxc3 d6 11. d5 Nb8 12. O-O e5 13. Qc2 a5 14.
c5 Na6 15. cxd6 cxd6 16. Nd2 Bd7 17. Nc4 Nc5 18. a3 Rfc8 19. Nb6 Rab8 20. Nxc8 Bxc8 21. b4 axb4 22. axb4 1-0

[Event "*** Titled Tuesday 3|2 Blitz"]
[Site "Chess.com"]
[Date "2016.03.01"]
[Round "2"]
[White "Spas_Kozhuharov"]
[Black "chessdude"]
[Result "1-0"]
[WhiteElo "2442"]
[BlackElo "2362"]
[TimeControl "180+2"]
[EndTime "11:47:56 PST"]
[Termination "Spas_Kozhuharov won by resignation"]

1. d4 d5 2. c4 c6 3. Nc3 Nf6 4. Nf3 e6 5. e3 Nbd7 6. Qc2 Bd6 7. b3 O-O 8. Be2 b6 9. O-O Bb7 10. Bb2 Qe7 11. Rad1 Rfd8 12. e4 dxe4 13. Nxe4 Nxe4 14. Qxe4 Nf6 15. Qh4 c5 16. dxc5 Bxc5 17. Ne5 Ne8 18. Qh3 Rxd1 19. Rxd1 Rd8 20. Bd3 Nf6 21. Ng4 Nxg4 22.
Qxh7+ 1-0

[Event "*** Titled Tuesday 3|2 Blitz"]
[Site "Chess.com"]
[Date "2016.03.01"]
[Round "2"]
[White "GeorgMeier"]
[Black "alturas_pacificas"]
[Result "1-0"]
[WhiteElo "2747"]
[BlackElo "2180"]
[TimeControl "180+2"]
[EndTime "11:49:37 PST"]
[Termination "GeorgMeier won by resignation"]

1. Nf3 d5 2. c4 c6 3. d4 Nf6 4.
e3 e6 5. b3 Nbd7 6. Bd3 b6 7.
O-O Bb7 8. Bb2 Be7 9. Nbd2 Rc8 10. Ne5 O-O 11. Rc1 Nxe5 12. dxe5 Nd7 13. f4 g6 14. Qe2 Nc5 15. Bb1 Re8 16. Rfd1 Bf8 17. e4 dxc4 18. Nxc4 Qh4 19. g3 Qh5 20. Qxh5 gxh5 21.
f5 Red8 22. Nd6 Rb8 23. Bc2 Ba6 24. b4 Nb7 25. Nxb7 Bxb7 26. Bb3 Rxd1+ 27. Rxd1 Bxb4 28. fxe6 fxe6 29. Bxe6+ Kg7 30. Rd7+ Kh8 31. Bf5 Bc5+ 32. Kg2 Ba6 33. e6+ 1-0

[Event "*** Titled Tuesday 3|2 Blitz"]
[Site "Chess.com"]
[Date "2016.03.01"]
[Round "2"]
[White "Rickstereo"]
[Black "Saitama_Hero"]
[Result "1-0"]
[WhiteElo "2174"]
[BlackElo "2067"]
[TimeControl "180+2"]
[EndTime "11:50:28 PST"]
[Termination "Rickstereo won by resignation"]

1. c4 Nf6 2. Nf3 g6 3. d4 d6 4. Nc3 Bg7 5. e4 O-O 6. Be2 c5 7. O-O cxd4 8. Nxd4 Nc6 9. Nxc6 bxc6 10. Be3 Rb8 11.
b3 Qa5 12. Rc1 Nd7 13. Bd2 Nc5 14. Nd5 Qd8 15. Nc3 Bxc3 16. Bxc3 Nxe4 17. Ba1 c5 18. Bf3 Ng5 19. Bd5 e6 20. Bc6 Qc7 21. Bf3 Nxf3+ 22. Qxf3 e5 23. Rcd1 f6 24. Qd5+ Qf7 25. Qxd6 Bb7 26.
Qxc5 Ba8 27. Rd6 Rbc8 28. Qe3 Rfd8 29. Rfd1 Qe7 30. Qd2 Rxd6 31. Qxd6 Qb7 32. Qe6+ 1-0

[Event "*** Titled Tuesday 3|2 Blitz"]
[Site "Chess.com"]
[Date "2016.03.01"]
[Round "2"]
[White "LuckyTiger"]
[Black "VovAn1991"]
[Result "1-0"]
[WhiteElo "2587"]
[BlackElo "2455"]
[TimeControl "180+2"]
[EndTime "11:50:33 PST"]
[Termination "LuckyTiger won by resignation"]

1. e4 c5 2. c3 Nf6 3. e5 Nd5 4.
Nf3 e6 5. d4 cxd4 6. Bc4 dxc3 7.
Bxd5 cxb2 8. Bxb2 Qa5+ 9. Nc3 exd5 10. O-O Nc6 11. Nxd5 Bc5 12. Ng5 Ne7 13. Qh5 Nxd5 14. Qxf7+ Kd8 15. Rad1 Rf8 16. Qxd5 Ke8 17. Ne4 Bb4 18.
Nd6+ Kd8 19. Nxb7+ 1-0